Map: Ruiny na Bel'Shir ER (Void)

Players

soul - Winner!

  • Race: Terran Terran
  • League: Grandmaster
  • Spawn Location: 5:00

True

  • Race: Zerg Zerg
  • League: Grandmaster
  • Spawn Location: 11:00

Event: Blacer Invitational #1

VOD

https://youtu.be/Ox0LUv4Lu84

Description

Time

  • Played on: Feb. 4, 2017, 2:06 p.m.
  • Length: 10:40

All games in this series

Show
View Real Time Build Order
Export as new Build Order

soul Terran - Winner!

Build Orders: Command Center First (CC), MMM Bio 

Get SALT Encoding   

  12  0:01  SCV  
  13  0:13  SCV  
  14  0:17  Supply Depot  
  14  0:25  SCV  
  15  0:39  SCV  
  16  0:51  SCV  
  17  1:00  Command Center  
  17  1:04  SCV  
  18  1:17  SCV  
  19  1:18  Barracks  
  19  1:29  SCV  
  20  1:33  Refinery  
  20  1:41  SCV  
  21  2:05  Marine  
  21  2:06  Orbital Command  
  22  2:12  Orbital Command  
  22  2:18  Command Center  
  22  2:23  Marine  
  23  2:32  SCV  
  23  2:34  Factory  
  24  2:39  Refinery  
  24  2:40  SCV  
  25  2:44  SCV  
  26  2:52  SCV  
  26  2:53  Barracks Reactor  
  26  2:56  SCV  
  28  3:04  SCV  
  29  3:08  SCV  
  30  3:16  SCV  
  31  3:20  SCV  
  31  3:21  Bunker, Starport  
  32  3:28  SCV  
  32  3:32  SCV, Orbital Command, Hellion  
  32  3:34  Hellion  
  38  3:40  Barracks Tech Lab, SCV  
  39  3:45  SCV  
  39  3:52  SCV  
  39  3:54  Hellion  
  39  3:55  Hellion  
  44  3:57  SCV  
  44  3:58  SCV  
  45  4:05  SCV  
  45  4:09  SCV, Banshee  
  50  4:10  SCV, Cloaking Field  
  50  4:14  Barracks Tech Lab  
  50  4:17  SCV  
  52  4:19  Supply Depot  
  52  4:21  SCV  
  52  4:22  Supply Depot  
  53  4:32  Barracks x2  
  53  4:34  Factory Reactor  
  53  4:36  Refinery  
  53  4:37  Refinery  
  53  4:40  Stimpack  
  53  4:41  SCV x3, Marine  
  57  4:45  Supply Depot  
  57  4:53  SCV x3  
  57  4:57  Engineering Bay  
  57  4:59  Marine, Banshee  
  64  5:00  Engineering Bay  
  64  5:05  SCV x2  
  64  5:06  SCV  
  67  5:09  Supply Depot  
  67  5:17  SCV, Marine  
  67  5:18  Factory Reactor  
  69  5:22  Marine x2  
  69  5:23  Barracks x2  
  69  5:25  SCV  
  70  5:30  Marine  
  70  5:32  Marine  
  70  5:34  SCV, Marine  
  68  5:36  Terran Infantry Weapons Level 1, Terran Infantry Armor Level 1  
  68  5:39  SCV, Marine  
  68  5:40  Orbital Command, Marine  
  71  5:48  SCV, Marine  
  73  5:50  Marine  
  73  5:53  Barracks, Supply Depot  
  73  5:54  Barracks  
  73  5:55  Barracks, SCV  
  75  5:59  Marine x3  
  78  6:05  SCV  
  78  6:06  SCV, Factory Reactor  
  78  6:07  SCV  
  80  6:11  Barracks Reactor  
  80  6:14  Supply Depot, Barracks Reactor  
  80  6:15  Supply Depot  
  80  6:17  SCV  
  80  6:19  Medivac  
  80  6:20  Medivac  
  80  6:22  SCV  
  80  6:24  SCV  
  85  6:28  Bunker  
  85  6:29  SCV  
  86  6:34  Supply Depot, SCV  
  86  6:36  Supply Depot  
  87  6:41  Combat Shields, SCV  
  87  6:42  SCV  
  87  6:43  Barracks Reactor  
  87  6:44  Barracks Reactor  
  87  6:45  Barracks Tech Lab, Concussive Shells  
  87  6:46  Widow Mine  
  87  6:47  Widow Mine  
  89  6:49  Medivac  
  89  6:51  SCV, Armory  
  89  6:53  SCV  
  97  6:54  Marine  
  97  6:59  Supply Depot  
  98  7:01  Marine x6  
  98  7:02  Medivac  
  98  7:05  Marine  
  98  7:06  Refinery  
  107  7:12  Marine  
  107  7:16  Supply Depot  
  107  7:17  Widow Mine, Supply Depot  
  107  7:18  Medivac  
  107  7:19  Marine x3  
  107  7:20  Marauder, Marine  
  117  7:25  Supply Depot  
  117  7:29  Marauder, Marine  
  120  7:30  Marine  
  120  7:32  Medivac  
  120  7:33  Marine  
  120  7:35  Marine  
  125  7:38  Widow Mine  
  125  7:39  Marine x2  
  125  7:40  Marine x4  
  125  7:41  Marauder  
  132  7:46  Marine  
  132  7:47  Marine  
  132  7:48  Medivac  
  132  7:50  Marine  
  130  7:51  Marine  
  130  7:55  Marine  
  130  7:58  Widow Mine  
  130  8:00  Marine  
  130  8:01  Marine  
  130  8:02  Marine x2  
  130  8:03  Marauder  
  138  8:06  Bunker  
  138  8:08  Marauder, Terran Infantry Weapons Level 2, Marine  
  138  8:09  Marine x4  
  145  8:13  Medivac, Marine  
  145  8:18  Marine  
  149  8:21  Marine  
  149  8:24  Widow Mine, Marauder  
  149  8:25  Marine  
  149  8:26  Marine  
  154  8:28  Marine  
  154  8:29  Widow Mine  
  154  8:33  Supply Depot  
  154  8:34  Supply Depot  
  157  8:38  Liberator  
  157  8:40  Supply Depot  
  157  8:41  Supply Depot  
  157  8:54  Widow Mine, Marine x4  
  157  8:55  Marauder, Marine x3  
  170  8:57  Marine  
  170  8:59  Marine  
  151  9:03  Marine  
  151  9:04  Marauder  
  151  9:07  Medivac  
  153  9:12  Marine x4  
  153  9:13  Marine x3  
  153  9:15  Marine  
  153  9:16  Marauder  
  163  9:17  Marine  
  163  9:19  Widow Mine  
  163  9:20  Liberator  
  163  9:21  Marine  
  163  9:24  Widow Mine  
  147  9:26  Marauder  
  147  9:30  Marine x6  
  141  9:31  Marine  
  141  9:33  Marine  
  141  9:38  Medivac  
  142  9:41  Marine  
  142  9:42  Marine  
  142  9:45  Marine  
  138  9:47  Widow Mine  
  138  9:49  Marine  
  138  9:50  Marauder  
  138  9:51  Marine  
  138  9:52  Widow Mine  
  144  9:54  Marine  
  144  9:56  Marine  
  144  9:59  Marine  
  148  10:00  Marine x2  
  148  10:03  Marauder, Marine  
  154  10:08  Medivac  
  154  10:11  Marauder  
  154  10:12  Marine x3  
  154  10:14  Marine  
  158  10:18  Marine  
  158  10:19  Marine x2  
  158  10:20  Marine  
  163  10:21  Marine  
Show
View Real Time Build Order
Export as new Build Order

True Zerg 

Build Orders: Hatch First, Muta Ling Bane 

Get SALT Encoding   

  12  0:00  Drone  
  13  0:12  Overlord  
  13  0:17  Drone  
  14  0:31  Drone x2  
  14  0:35  Drone  
  17  0:52  Hatchery  
  17  0:54  Drone  
  17  1:08  Spawning Pool  
  17  1:10  Extractor  
  15  1:13  Drone  
  15  1:17  Drone  
  17  1:20  Drone  
  18  1:31  Drone  
  19  1:38  Overlord  
  19  1:54  Queen  
  19  1:59  Zergling x2  
  19  2:00  Zergling x2  
  23  2:03  Queen  
  23  2:04  Zergling x2  
  26  2:11  Metabolic Boost  
  26  2:12  Drone  
  26  2:15  Drone  
  28  2:22  Drone  
  29  2:25  Drone  
  30  2:33  Drone  
  30  2:36  Drone  
  32  2:47  Hatchery  
  31  2:52  Drone x2  
  31  2:53  Drone  
  34  2:59  Queen  
  34  3:03  Overlord  
  36  3:18  Overlord  
  36  3:23  Drone x6  
  42  3:27  Drone  
  42  3:32  Overlord  
  43  3:35  Queen  
  43  3:37  Evolution Chamber  
  43  3:38  Drone  
  43  3:41  Drone  
  46  3:48  Drone  
  46  3:49  Drone x2  
  46  3:50  Drone x3  
  46  3:51  Drone  
  52  4:01  Drone  
  52  4:02  Drone  
  52  4:11  Queen  
  52  4:13  Drone x2  
  52  4:14  Drone x2  
  58  4:26  Zergling x2  
  58  4:27  Zergling x4  
  58  4:28  Queen  
  58  4:29  Zerg Ground Armor Level 1  
  63  4:35  Zergling x6  
  63  4:36  Overlord  
  63  4:38  Overlord  
  66  4:39  Overlord  
  66  4:41  Overlord  
  66  4:42  Overlord  
  66  4:46  Overlord  
  64  4:57  Drone x4, Queen  
  64  4:59  Drone  
  70  5:03  Drone x2  
  70  5:04  Drone x4  
  70  5:05  Drone, Spore Crawler  
  70  5:06  Spore Crawler  
  75  5:07  Drone  
  75  5:08  Spore Crawler  
  75  5:10  Drone, Queen  
  78  5:15  Lair  
  78  5:16  Drone x2, Spore Crawler  
  78  5:18  Drone x2  
  81  5:22  Drone x2  
  81  5:30  Drone  
  81  5:34  Drone x3  
  81  5:35  Drone  
  81  5:37  Drone x3  
  81  5:38  Drone  
  81  5:40  Extractor  
  81  5:41  Drone x2  
  81  5:42  Extractor  
  83  5:43  Drone  
  83  5:44  Extractor  
  83  5:51  Overlord  
  83  5:53  Drone  
  83  5:55  Drone  
  85  6:02  Baneling Nest  
  85  6:03  Hatchery  
  83  6:08  Drone x7  
  83  6:11  Zergling x8  
  91  6:12  Overlord  
  94  6:18  Overlord, Spire  
  94  6:19  Extractor  
  94  6:21  Extractor  
  94  6:23  Overlord, Zergling x2  
  92  6:27  Zerg Melee Weapons Level 1  
  92  6:29  Overlord  
  92  6:31  Overlord  
  92  6:32  Zergling x6  
  95  6:33  Zergling x2  
  95  6:34  Zergling x2  
  95  6:39  Hatchery  
  96  6:43  Zergling x4  
  96  6:46  Centrifical Hooks  
  98  6:49  Zergling x8  
  98  6:50  Zergling x2  
  98  6:53  Overseer  
  98  6:54  Zergling x2  
  104  6:56  Zergling x4  
  106  7:02  Baneling x8  
  106  7:04  Zergling x6  
  106  7:05  Zergling x6  
  106  7:06  Zergling x2  
  112  7:15  Zergling x2  
  111  7:16  Baneling x8  
  111  7:17  Baneling x3  
  111  7:18  Zergling x6  
  111  7:21  Zergling x2  
  111  7:22  Zergling x4  
  117  7:26  Zergling x6  
  119  7:34  Mutalisk  
  119  7:35  Mutalisk x2  
  119  7:37  Zergling x12  
  123  7:40  Zergling x4  
  124  7:53  Mutalisk x3  
  124  7:55  Mutalisk  
  124  7:57  Drone x5  
  136  8:03  Drone x6  
  136  8:05  Baneling x3  
  142  8:07  Mutalisk  
  142  8:10  Drone x2  
  146  8:14  Extractor  
  146  8:16  Mutalisk  
  146  8:17  Zergling x4  
  146  8:19  Overlord  
  149  8:21  Overlord  
  149  8:22  Overlord  
  149  8:25  Overlord  
  149  8:26  Overlord  
  145  8:28  Overlord, Zergling x2  
  145  8:31  Zergling x2  
  145  8:33  Zergling x4  
  147  8:35  Zergling x2  
  147  8:36  Zergling x6  
  147  8:38  Zergling x2  
  147  8:39  Zergling x6  
  154  8:42  Zergling x6  
  154  8:43  Zergling x2  
  154  8:47  Zergling x8  
  161  8:49  Mutalisk  
  161  8:54  Overlord, Mutalisk  
  164  8:56  Overlord  
  164  8:57  Zergling x2  
  164  8:58  Zergling x2  
  164  8:59  Overlord  
  153  9:04  Zergling x4  
  153  9:08  Baneling  
  153  9:09  Baneling x12  
  151  9:10  Zergling x2  
  151  9:11  Zergling x4  
  151  9:12  Zergling x2  
  151  9:14  Zergling x4  
  151  9:15  Zergling x4  
  150  9:17  Zergling x2  
  150  9:20  Zergling x2  
  150  9:21  Zergling x4  
  150  9:22  Zergling x4  
  131  9:24  Zergling x2  
  131  9:28  Mutalisk x2  
  131  9:29  Mutalisk  
  127  9:36  Zergling x6  
  122  9:38  Zergling x4  
  122  9:44  Mutalisk x2  
  122  9:45  Mutalisk  
  116  9:46  Baneling x2  
  116  9:48  Zergling x2  
  113  9:54  Zergling x4  
  113  9:55  Zergling x4  
  117  10:04  Zergling x2  
  117  10:05  Zergling x2  
  117  10:06  Zergling x4  
  118  10:11  Baneling x2  
  111  10:15  Zergling x4  
  111  10:16  Zergling x4  
  98  10:24  Baneling x6  
Tags
 
Add a new tag
Caveats
  • Supply blocks, unpowered buildings, or Contaminate may cause inaccurate times.
  • Supply counts are checked every 10 seconds.